 Dungeon Crawl Stone Soup version 0.18.1-48-g4cf74bf (webtiles) character file.

69 RickumRackum the Conjurer (level 4, -1/30 HPs)
             Began as a Human Conjurer on Aug 20, 2016.
             Was an Initiate of Kikubaaqudgha.
             Slain by an adder (3 damage)
             ... on level 3 of the Dungeon on Aug 21, 2016.
             The game lasted 00:35:30 (2281 turns).

RickumRackum the Conjurer (Human Conjurer)          Turns: 2281, Time: 00:35:31

Health: -1/30      AC:  5    Str:  8    XL:     4   Next: 42%
Magic:  0/7        EV: 12    Int: 17    God:    Kikubaaqudgha [......]
Gold:   67         SH:  0    Dex: 13    Spells: 3 memorised, 1 level left

rFire  . . .     SeeInvis .     i - +0 short sword
rCold  . . .     Gourm    .     a - +0 robe
rNeg   . . .     Faith    .     (no shield)
rPois  .         Spirit   .     (no helmet)
rElec  .         Dismiss  .     l - +2 cloak
rCorr  .         Reflect  .     (no gloves)
SustAt .         Harm     .     (no boots)
MR     .....                    (no amulet)
Stlth  ++........               (no ring)
                                (no ring)

@: lethally poisoned (-1 -> -5), not resistant to hostile enchantments,
unstealthy
A: no striking features
a: Renounce Religion


You were on level 3 of the Dungeon.
You worshipped Kikubaaqudgha.
Kikubaaqudgha was noncommittal.
You were not hungry.

You visited 1 branch of the dungeon, and saw 3 of its levels.

You collected 67 gold pieces.

Inventory:

Hand Weapons
 h - a +1 hand axe of venom
 i - a +0 short sword (weapon)
Missiles
 g - 41 stones (quivered)
 p - 20 arrows
 r - 17 bolts
Armour
 a - a +0 robe (worn)
 l - a +2 cloak (worn)
Scrolls
 j - 2 scrolls of identify
 k - 2 scrolls of remove curse
 q - a scroll of magic mapping
Potions
 m - a potion of magic
 n - a potion of haste
Books
 b - a book of Conjurations

   Spells                             Type                      Level
   a - Magic Dart                     Conjuration                  1
   b - Searing Ray                    Conjuration                  2
   c - Dazzling Spray                 Conjuration/Hexes            3
   d - Fulminant Prism                Conjuration/Hexes            4
   e - Iskenderun's Mystic Blast      Conjuration                  4
   f - Iskenderun's Battlesphere      Conjuration/Charms           5
Comestibles
 c - 4 bread rations
 d - a meat ration
 o - 2 slices of pizza


   Skills:
 + Level 0.2 Fighting
 + Level 0.6 Short Blades
 + Level 0.8 Throwing
 + Level 2.4 Dodging
 + Level 2.4 Stealth
 + Level 2.5 Spellcasting
 + Level 4.6 Conjurations
 * Level 0.2 Necromancy


You had one spell level left.
You knew the following spells:

 Your Spells              Type           Power        Failure   Level  Hunger
a - Magic Dart            Conj           ###.         2%          1    #......
b - Searing Ray           Conj           ###...       4%          2    ##.....
c - Iskenderun's Mystic   Conj           ###.....     30%         4    #####..


Dungeon Overview and Level Annotations

Branches:
Dungeon (3/15)

Altars:
Kikubaaqudgha


Message History

The adder is heavily wounded.
* * * LOW HITPOINT WARNING * * *
You feel sick. The adder misses you.
You miss the adder.
The adder is heavily wounded.
The adder bites you but does no damage. x2
You closely miss the adder.
The adder is heavily wounded.
* * * LOW HITPOINT WARNING * * *
You feel sick. The adder bites you but does no damage.
Casting: Magic Dart
Confirm with . or Enter, or press ? or * to list all spells.
Aiming: Searing Ray
Press: ? - help, Shift-Dir - straight line, f/p - adder
Aim: an adder (heavily wounded)
The searing ray hits the adder.
The adder is almost dead.
The adder bites you.
You die...
Kikubaaqudgha rasps: "You have failed me!
Welcome... death!"

####.####
#........ #....# #
#<.# . #..# .##
#..# #.# #..# #+#
#.# #..# ##.## +.#
#.@# ##...##
#.####S.#
#.....###.......#
#..#....##.#####.#
..#......#.......#
.##.#.##...#######
.#....######
..#.#.# .......


You could see an adder.

Vanquished Creatures
  2 adders (D:2)
  A dart slug (D:1)
  A giant gecko (D:2)
  6 bats
  A giant cockroach (D:1)
  5 goblins
  9 hobgoblins
  3 jackals (D:1)
  A quokka (D:2)
  A ball python (D:1)
  4 giant newts (D:2)
  7 kobolds
  7 rats
48 creatures vanquished.

Notes
Turn   | Place    | Note
--------------------------------------------------------------
     0 | D:1      | RickumRackum the Human Conjurer began the quest for the Orb.
     0 | D:1      | Reached XP level 1. HP: 13/13 MP: 3/3
   213 | D:1      | Reached XP level 2. HP: 19/19 MP: 0/5
   257 | D:1      | Learned a level 2 spell: Searing Ray
   703 | D:1      | Reached XP level 3. HP: 24/24 MP: 0/6
  1481 | D:2      | Reached XP level 4. HP: 14/30 MP: 0/7
  1710 | D:2      | Found an ancient bone altar of Kikubaaqudgha.
  1715 | D:2      | Became a worshipper of Kikubaaqudgha
  2241 | D:3      | Learned a level 4 spell: Iskenderun's Mystic Blast
  2281 | D:3      | Slain by an adder

Action                   |  1- 3 |  4- 6 || total
-------------------------+-------+-------++-------
Melee: Unarmed           |     3 |       ||     3
       Short sword       |    43 |    32 ||    75
Throw: Stone             |     6 |       ||     6
 Cast: Magic Dart        |    41 |     9 ||    50
       Searing Ray       |    20 |    12 ||    32
  Use: Scroll            |     4 |       ||     4
       Potion            |     5 |     1 ||     6
  Eat: Chunk             |     4 |     1 ||     5
       Royal jelly       |       |     1 ||     1
Armor: Robe              |    16 |    17 ||    33
Dodge: Dodged            |    41 |    22 ||    63
